Map: Aire du défenseur EC

Players

FatumBlade - Winner!

  • Race: Zerg Zerg
  • Spawn Location: 7:00

zidar

  • Race: Zerg Zerg
  • League: Gold
  • Spawn Location: 1:00

VOD

Have the link to the VOD?

Description

Time

  • Played on: June 28, 2017, 1:43 p.m.
  • Length: 10:45
Show
View Real Time Build Order
Export as new Build Order

FatumBlade Zerg - Winner!

Build Orders: Pool First 

Get SALT Encoding   

  12  0:03  Drone  
  13  0:11  Drone  
  14  0:18  Overlord  
  14  0:25  Extractor  
  14  0:27  Drone  
  15  0:37  Drone  
  16  0:42  Spawning Pool  
  16  0:46  Drone  
  16  0:52  Drone  
  17  0:58  Drone  
  18  1:06  Extractor  
  17  1:23  Hatchery  
  16  1:32  Zergling x6  
  19  1:45  Queen  
  19  1:46  Drone  
  22  1:59  Overlord  
  22  2:19  Drone x2  
  24  2:25  Queen  
  26  2:40  Queen, Extractor  
  26  2:41  Drone  
  28  2:49  Spine Crawler  
  27  2:51  Spore Crawler  
  26  3:02  Drone x4  
  26  3:03  Drone x2  
  32  3:10  Drone x3  
  35  3:20  Roach Warren  
  35  3:26  Evolution Chamber  
  33  3:31  Spine Crawler  
  32  3:36  Drone x2  
  34  3:45  Spine Crawler  
  28  4:08  Roach x2  
  28  4:09  Roach  
  30  4:40  Extractor  
  29  4:47  Spine Crawler  
  28  4:55  Lair  
  28  5:04  Zergling x2  
  28  5:05  Roach x2  
  33  5:19  Roach  
  35  5:24  Overlord x4  
  34  5:55  Zerg Missile Weapons Level 1  
  34  5:59  Glial Reconstitution  
  34  6:06  Roach x4  
  42  6:12  Drone  
  42  6:15  Drone  
  44  6:22  Drone  
  44  6:24  Drone  
  46  6:40  Drone x3  
  46  6:41  Drone  
  50  6:52  Drone  
  51  6:54  Spore Crawler  
  50  7:46  Hatchery  
  50  7:47  Roach  
  50  7:48  Roach x7  
  50  7:49  Roach  
  67  7:54  Zerg Missile Weapons Level 2  
  67  8:04  Burrow  
  67  8:30  Drone  
  67  8:32  Overlord x2  
  67  8:33  Overlord x3  
  68  8:42  Extractor  
  67  8:49  Evolution Chamber  
  66  9:07  Hydralisk Den  
  65  9:18  Drone x6  
  65  9:19  Drone  
  72  9:25  Queen  
  72  9:27  Drone x3  
  77  9:31  Ravager  
  77  9:32  Ravager x3  
  77  9:34  Ravager x3  
Show
View Real Time Build Order
Export as new Build Order

zidar Zerg 

Build Orders: 1 Base Baneling Bust, Pool First, Zergling Baneling 

Get SALT Encoding   

  12  0:01  Drone  
  13  0:12  Overlord  
  13  0:17  Drone  
  14  0:31  Drone x2  
  16  0:42  Spawning Pool  
  16  0:46  Drone  
  16  0:53  Extractor  
  16  0:54  Drone  
  16  1:19  Overlord  
  16  1:21  Overlord  
  16  1:29  Queen  
  16  1:31  Zergling x2  
  16  1:32  Zergling x2  
  20  1:46  Zergling x2  
  21  1:47  Baneling Nest  
  20  2:05  Zergling x4  
  22  2:15  Zergling x2  
  23  2:30  Metabolic Boost  
  23  2:32  Baneling  
  23  2:34  Baneling  
  23  2:42  Zergling x10  
  28  2:59  Zergling x2  
  29  3:15  Overlord  
  29  3:17  Zergling x6  
  32  3:26  Baneling  
  32  3:27  Baneling x3  
  25  4:09  Baneling x3  
  21  4:27  Hatchery  
  19  4:47  Evolution Chamber  
  19  4:48  Pneumatized Carapace  
  18  4:54  Drone x8  
  26  5:12  Extractor  
  25  5:57  Baneling x3  
  25  6:03  Drone x4  
  25  6:04  Drone x7  
  36  6:06  Queen  
  36  6:08  Lair  
  38  6:19  Drone x2  
  38  6:52  Baneling x3  
  37  7:08  Hydralisk Den  
  36  7:21  Overlord x2  
  36  7:22  Overlord  
  36  7:26  Overseer  
  36  7:31  Extractor  
  36  7:34  Extractor  
  36  7:36  Drone x5  
  39  7:38  Drone x5  
  44  7:45  Hydralisk  
  44  7:46  Hydralisk x4  
  46  8:06  Hydralisk x5  
  41  8:23  Drone x5  
  46  8:33  Zergling x2  
  47  8:43  Hydralisk x2  
  51  8:49  Drone  
  52  8:57  Queen  
  52  9:00  Drone  
  55  9:22  Zergling x4  
  55  9:23  Zergling x4  
  59  9:28  Hydralisk  
  59  9:29  Hydralisk x3  
  67  9:31  Baneling  
  67  9:34  Baneling  
  67  10:05  Overlord x3  
Tags
 
Add a new tag
Caveats
  • Supply blocks, unpowered buildings, or Contaminate may cause inaccurate times.
  • Supply counts are checked every 10 seconds.